[Event "45th Guernsey Open 2019"]
[Site "Vale"]
[Date "2019.10.20"]
[Round "1.1"]
[White "Kirby, Peter J."]
[Black "Hebden, Mark L"]
[Result "0-1"]
[ECO "E92"]
[WhiteElo "2004"]
[BlackElo "2427"]
[Annotator "NA"]
[PlyCount "48"]
[EventDate "2019.10.20"]
[EventCountry "GCI"]
[SourceTitle "playchess.com"]
[Source "ChessBase"]
[SourceQuality "1"]
[TimeControl "40/6000+30:2400+30"]

1. Nf3 Nf6 2. c4 g6 3. Nc3 Bg7 4. e4 d6 5. d4 O-O 6. Be2 e5 7. dxe5 dxe5 8. Qxd8 Rxd8 9. Bg5 Nbd7 10. O-O-O Rf8 11. Nd5 c6 12. Ne7+ Kh8 13. Be3 b6 14. Nxc8 Rfxc8 15. g4 Rc7 16. Nd2 Bf8 17. g5 Ne8 18. Bg4 Nc5 19. f3 h5 20. gxh6 Nf6 21. h3 Kh7 22. Nb3 Nxb3+ 23. axb3 Bxh6 24. Rhe1 Rh8 0-1

[Event "45th Guernsey Open 2019"]
[Site "Vale"]
[Date "2019.10.20"]
[Round "1.2"]
[White "Povah, Nigel E"]
[Black "De Kruif, Kees"]
[Result "1-0"]
[ECO "A45"]
[WhiteElo "2301"]
[BlackElo "1985"]
[Annotator "NA"]
[PlyCount "81"]
[EventDate "2019.10.20"]
[EventCountry "GCI"]
[SourceTitle "playchess.com"]
[Source "ChessBase"]
[SourceQuality "1"]
[TimeControl "40/6000+30:2400+30"]

1. d4 Nf6 2. Bf4 e6 3. e3 c5 4. c3 Be7 5. Nd2 O-O 6. Bd3 d6 7. Qe2 Nbd7 8. Ngf3 Qc7 $14 9. h3 a6 10. a4 b6 11. Bh2 Bb7 12. e4 b5 13. e5 dxe5 14. dxe5 Nd5 15. O-O c4 16. Bb1 Nc5 17. axb5 axb5 18. Rxa8 Rxa8 19. Nd4 Qb6 20. f4 g6 21. Kh1 Ra1 22. Bg1 Qa6 23. Kh2 Nc7 24. Nc2 Ra4 25. Nf3 Qa8 26. Bxc5 Bxc5 27. Ncd4 Bd5 28. Ng5 h6 29. Ngf3 Kg7 30. Nh4 Bxd4 31. cxd4 Qd8 32. Qg4 Qe8 33. f5 exf5 34. Nxf5+ Kh7 35. Nd6 Qg8 36. Qd7 Ra7 37. Nxf7 Qg7 38. Rf6 Be6 39. Bxg6+ Kg8 40. Qd8+ Qf8 41. Nxh6+ 1-0

[Event "45th Guernsey Open 2019"]
[Site "Vale"]
[Date "2019.10.20"]
[Round "1.3"]
[White "Kwossek, Georg"]
[Black "Baker, Chris W"]
[Result "0-1"]
[ECO "A40"]
[WhiteElo "1984"]
[BlackElo "2245"]
[Annotator "NA"]
[PlyCount "70"]
[EventDate "2019.10.20"]
[EventCountry "GCI"]
[SourceTitle "playchess.com"]
[Source "ChessBase"]
[SourceQuality "1"]
[TimeControl "40/6000+30:2400+30"]

1. d4 e6 2. c4 b6 3. e4 Bb7 4. f3 f5 5. exf5 exf5 6. Qe2+ Kf7 7. Nh3 Bb4+ $14 8. Nc3 Qf6 9. Be3 Nc6 10. O-O-O Bxc3 11. bxc3 Re8 12. Qd2 Na5 13. d5 Ne7 14. Ng5+ Kg8 15. h4 Ba6 16. c5 Bxf1 17. Bd4 Nc4 18. Qe1 Qg6 19. Qxf1 b5 20. Qf2 Nxd5 21. Rhe1 Rxe1 22. Rxe1 h6 23. c6 hxg5 24. cxd7 Kh7 25. hxg5 Qxg5+ 26. f4 Qd8 27. Qf3 Rf8 28. Qh5+ Kg8 29. Rh1 Nf6 30. Qxf5 Qxd7 31. Qg5 Qd5 32. f5 c5 33. Bxf6 Rxf6 34. Re1 Qxf5 35. Qg3 Qf4+ 0-1

[Event "45th Guernsey Open 2019"]
[Site "Vale"]
[Date "2019.10.20"]
[Round "1.4"]
[White "Giulian, Philip M"]
[Black "Magnussen, Pal"]
[Result "1-0"]
[ECO "A57"]
[WhiteElo "2131"]
[BlackElo "1983"]
[Annotator "NA"]
[PlyCount "63"]
[EventDate "2019.10.20"]
[EventCountry "GCI"]
[SourceTitle "playchess.com"]
[Source "ChessBase"]
[SourceQuality "1"]
[TimeControl "40/6000+30:2400+30"]

1. d4 Nf6 2. c4 c5 3. d5 b5 4. cxb5 a6 5. e3 axb5 6. Bxb5 Ba6 7. Bxa6 Qa5+ 8. Nc3 Qxa6 9. Nge2 g6 10. O-O Bg7 11. a4 O-O 12. Nb5 Qb7 13. Nec3 d6 14. e4 Na6 15. Bg5 Nc7 16. Qd2 Nxb5 17. axb5 Ng4 18. Qe2 Nf6 19. Ra6 h6 20. Bxf6 Bxf6 21. Rfa1 Bxc3 22. bxc3 Rxa6 23. bxa6 Qa7 24. h4 Rb8 25. h5 Kg7 26. hxg6 fxg6 27. e5 Rf8 28. Rb1 c4 29. exd6 Rf7 30. Rb7 Qxa6 31. Qe5+ Kh7 32. Rxe7 1-0

[Event "45th Guernsey Open 2019"]
[Site "Vale"]
[Date "2019.10.20"]
[Round "1.5"]
[White "Van Dijk, Bram"]
[Black "Havenaar, Jan"]
[Result "1/2-1/2"]
[ECO "B00"]
[WhiteElo "1982"]
[BlackElo "2091"]
[Annotator "NA RC"]
[PlyCount "96"]
[EventDate "2019.10.20"]
[EventCountry "GCI"]
[SourceTitle "playchess.com"]
[Source "ChessBase"]
[SourceQuality "1"]
[TimeControl "40/6000+30:2400+30"]

1. e4 g6 2. d4 Bg7 3. g3 c5 4. dxc5 Qa5+ 5. c3 Qxc5 6. Be3 Qc7 7. Bg2 Nc6 8. Ne2 d6 9. Na3 Nf6 10. h3 Bd7 11. O-O O-O 12. f4 Na5 13. Nd4 a6 14. Qd3 Rac8 15. Rfd1 b5 16. Kh2 Nc4 17. Nxc4 bxc4 18. Qe2 Rb8 19. Rab1 Rfc8 20. Bf2 e5 21. fxe5 dxe5 22. Nc2 Ba4 23. Rd2 Bxc2 24. Rxc2 Rd8 25. Rd1 Bh6 26. Rxd8+ Rxd8 27. Be3 Bxe3 28. Qxe3 Rd3 29. Qf2 Qc6 30. Re2 Nh5 31. Bf3 Ng7 32. Rd2 Rxd2 33. Qxd2 Ne6 34. Qe2 Qa4 35. a3 Qb5 36. Bg2 Nc5 37. Bf1 Na4 38. Qxc4 Qxb2+ 39. Bg2 Qb5 40. Qc8+ Kg7 41. c4 Qa5 42. Qb8 Qc5 43. Qb4 Qc6 44. Qe7 Qc5 45. Qxc5 Nxc5 46. Kg1 Kf6 47. Kf2 Ke6 48. Ke3 Kd6 1/2-1/2

[Event "45th Guernsey Open 2019"]
[Site "Vale"]
[Date "2019.10.20"]
[Round "1.6"]
[White "Bianco, Valerio"]
[Black "Korte, Markus"]
[Result "1-0"]
[WhiteElo "2088"]
[BlackElo "1975"]
[Annotator "NA RC"]
[PlyCount "77"]
[EventDate "2019.10.20"]
[EventCountry "GCI"]
[SourceTitle "playchess.com"]
[Source "ChessBase"]
[SourceQuality "1"]
[TimeControl "40/6000+30:2400+30"]

1. d4 d5 2. c4 dxc4 3. Nf3 Nf6 4. e3 Bg4 5. Bxc4 e6 6. h3 Bh5 7. O-O Nbd7 8. Nc3 Bb4 9. Be2 O-O 10. Qb3 Qe7 11. Bd2 Rab8 12. a3 Bxc3 13. Bxc3 Rfc8 14. Qd1 Ne4 15. Nd2 Nxc3 16. bxc3 Bxe2 17. Qxe2 e5 18. Qf3 Re8 19. Rfe1 e4 20. Qf4 Nf6 21. c4 b5 22. Rec1 bxc4 23. Nxc4 Nd5 24. Qf5 Rb5 25. Ne5 Nf6 26. Qf4 Rb7 27. Rc5 Nd7 28. Nxd7 Qxd7 29. Rac1 Qa4 30. Rxc7 Rxc7 31. Rxc7 Rf8 32. Rc3 Qd1+ 33. Kh2 Qb1 34. d5 Qb2 35. Qe5 h6 36. d6 Rd8 37. Qe7 Qb6 38. d7 Qb8+ 39. g3 1-0

[Event "45th Guernsey Open 2019"]
[Site "Vale"]
[Date "2019.10.20"]
[Round "1.7"]
[White "White, Nigel"]
[Black "Curtis, John"]
[Result "1/2-1/2"]
[ECO "B07"]
[WhiteElo "1975"]
[BlackElo "2292"]
[Annotator "NA"]
[PlyCount "46"]
[EventDate "2019.10.20"]
[EventCountry "GCI"]
[SourceTitle "playchess.com"]
[Source "ChessBase"]
[SourceQuality "1"]
[TimeControl "40/6000+30:2400+30"]

1. e4 d6 2. d4 Nf6 3. Nc3 e5 4. Nf3 exd4 5. Nxd4 Be7 6. Bc4 O-O 7. O-O c6 8. a4 Nxe4 9. Nxe4 d5 10. Bd3 dxe4 11. Bxe4 Bf6 12. Be3 Re8 13. Bf3 Nd7 14. c3 Ne5 15. Be2 Qd5 $11 16. Nf3 Qxd1 17. Bxd1 Nc4 18. Bc1 Bf5 19. Bb3 Na5 20. Ba2 Bd3 21. Re1 Bc4 22. Rxe8+ Rxe8 23. Be3 b6 1/2-1/2

[Event "45th Guernsey Open 2019"]
[Site "Vale"]
[Date "2019.10.20"]
[Round "1.8"]
[White "Reijneveld, Ad"]
[Black "Rowe, Peter"]
[Result "1-0"]
[ECO "B34"]
[WhiteElo "2056"]
[BlackElo "1957"]
[Annotator "NA RC"]
[PlyCount "39"]
[EventDate "2019.10.20"]
[EventCountry "GCI"]
[SourceTitle "playchess.com"]
[Source "ChessBase"]
[SourceQuality "1"]
[TimeControl "40/6000+30:2400+30"]

1. e4 c5 2. Nf3 Nc6 3. d4 cxd4 4. Nxd4 Nf6 5. Nc3 e5 6. Ndb5 d6 7. Nd5 Nxd5 8. exd5 a6 9. dxc6 axb5 10. cxb7 Bxb7 11. Bxb5+ Ke7 12. O-O g6 13. Qe2 Bg7 14. f4 f6 15. fxe5 dxe5 16. Rd1 Qc8 17. Rd7+ Kf8 18. Qd3 Ba6 19. Qd6+ Kg8 20. Qe6+ 1-0

[Event "45th Guernsey Open 2019"]
[Site "Vale"]
[Date "2019.10.20"]
[Round "1.10"]
[White "Coenen, Albert"]
[Black "Parfett, Gerald F"]
[Result "1-0"]
[ECO "A34"]
[WhiteElo "1899"]
[BlackElo "1633"]
[Annotator "NA"]
[PlyCount "93"]
[EventDate "2019.10.20"]
[EventCountry "GCI"]
[SourceTitle "playchess.com"]
[Source "ChessBase"]
[SourceQuality "1"]
[TimeControl "40/6000+30:2400+30"]

1. c4 c5 2. Nc3 Nf6 3. g3 d5 4. cxd5 Nxd5 5. Bg2 Nc7 6. Nf3 Nc6 7. d3 e5 8. O-O f6 9. Bd2 Be7 10. Rc1 O-O 11. Na4 Na6 12. Qb3+ Kh8 13. a3 Rb8 14. Nc3 Nc7 15. Ne4 b6 16. Qd1 Bb7 17. h4 Ne6 18. Bh3 Ned4 19. Nxd4 Nxd4 20. Be3 Bc8 21. Bxc8 Rxc8 22. Bxd4 Qxd4 23. Qd2 Rfd8 24. Rfd1 h6 25. Rc4 Qxc4 26. dxc4 Rxd2 27. Rxd2 Rd8 28. Rxd8+ Bxd8 29. Nc3 Kg8 30. g4 Kf7 31. Kg2 Ke6 32. Kf3 f5 33. gxf5+ Kxf5 34. e4+ Ke6 35. Kg4 g5 36. h5 a6 37. Nd5 b5 38. b3 bxc4 39. bxc4 Ba5 40. Ne3 Be1 41. f3 Bd2 42. Nf5 a5 43. a4 Kf6 44. Nxh6 Kg7 45. Nf5+ Kh7 46. Nd6 Kh6 47. Nf7+ 1-0

[Event "45th Guernsey Open 2019"]
[Site "Vale"]
[Date "2019.10.20"]
[Round "1.11"]
[White "Kershaw, Graham"]
[Black "Strade, Arita"]
[Result "0-1"]
[ECO "B93"]
[WhiteElo "1631"]
[BlackElo "1882"]
[Annotator "NA"]
[PlyCount "70"]
[EventDate "2019.10.20"]
[EventCountry "GCI"]
[SourceTitle "playchess.com"]
[Source "ChessBase"]
[SourceQuality "1"]
[TimeControl "40/6000+30:2400+30"]

1. e4 c5 2. Nf3 d6 3. d4 cxd4 4. Nxd4 Nf6 5. Nc3 a6 6. f4 e5 7. Nb3 Nc6 8. Be2 b5 9. Bf3 Qb6 10. Qe2 Be6 11. Nd5 Bxd5 12. exd5 Nd4 13. Nxd4 Qxd4 14. c3 Qc4 15. Qxc4 bxc4 16. Kf2 Nd7 17. Re1 f6 18. b4 cxb3 19. axb3 Nc5 20. Be2 Ne4+ 21. Kf1 Nxc3 22. Bxa6 Ke7 23. Ra5 Nxd5 24. Rxd5 Rxa6 25. Bd2 Ke6 26. Rb5 Be7 27. Rc1 g5 28. fxg5 fxg5 29. Rc7 Ra2 30. Ke1 Bf6 31. b4 Rb2 32. Rbb7 Ra8 33. Rc1 Raa2 34. Rd1 e4 35. Rxh7 Rxd2 0-1

[Event "45th Guernsey Open 2019"]
[Site "Vale"]
[Date "2019.10.21"]
[Round "2.1"]
[White "Hebden, Mark L"]
[Black "Pleasants, Allan J"]
[Result "1-0"]
[ECO "A45"]
[WhiteElo "2427"]
[BlackElo "2019"]
[Annotator "NA"]
[PlyCount "57"]
[EventDate "2019.10.20"]
[EventCountry "GCI"]
[SourceTitle "playchess.com"]
[Source "ChessBase"]
[SourceQuality "1"]
[TimeControl "40/6000+30:2400+30"]

1. d4 Nf6 2. Nc3 g6 3. Bf4 Bg7 4. e4 d6 5. Qd2 O-O 6. O-O-O Nc6 7. Nf3 Bg4 8. Qe3 e6 9. Bb5 a6 10. Bxc6 bxc6 11. Bh6 Nd7 12. h4 Bxf3 13. gxf3 Bxh6 14. Qxh6 Qf6 15. h5 Qg7 16. Qe3 c5 17. dxc5 Nxc5 18. f4 Rfb8 19. f5 exf5 20. exf5 Re8 21. Qf3 g5 22. f6 Qh6 23. Kb1 Nd7 24. Nd5 Ne5 25. Qf5 Ra7 26. Rhg1 Kh8 27. Rxg5 Nf3 28. Rg3 Nd4 29. Qg4 1-0

[Event "45th Guernsey Open 2019"]
[Site "Vale"]
[Date "2019.10.21"]
[Round "2.3"]
[White "Baker, Chris W"]
[Black "Heppell, Ian N"]
[Result "1/2-1/2"]
[ECO "C41"]
[WhiteElo "2245"]
[BlackElo "1995"]
[Annotator "NA"]
[PlyCount "84"]
[EventDate "2019.10.20"]
[EventCountry "GCI"]
[SourceTitle "playchess.com"]
[Source "ChessBase"]
[SourceQuality "1"]
[TimeControl "40/6000+30:2400+30"]

1. e4 e5 2. Nf3 d6 3. d4 exd4 4. Nxd4 Nf6 5. Nc3 Be7 6. Bf4 O-O 7. Qd2 d5 8. Ndb5 Bb4 9. O-O-O c6 10. Nc7 Nxe4 11. Qd4 Nxc3 12. bxc3 Ba3+ 13. Kb1 Na6 14. Nxa8 Qa5 15. Bd3 Be6 16. Rhe1 c5 17. Qe5 Rxa8 18. Bc1 d4 19. Bc4 Nc7 20. Bxe6 Nxe6 21. Qd5 Bxc1 22. Rxc1 Qxc3 23. Qxb7 Rd8 24. Qb3 Qa5 25. Ka1 Qc7 26. g3 c4 27. Qb5 h6 28. f4 c3 29. f5 Nc5 30. Re8+ Rxe8 31. Qxe8+ Kh7 32. Qb5 Qe5 33. Kb1 a6 34. Qb4 d3 35. cxd3 Nxd3 36. Qxc3 Qb5+ 37. Qb3 Qxb3+ 38. axb3 Nxc1 39. Kxc1 g6 40. fxg6+ Kxg6 41. Kd2 Kf5 42. Ke3 Ke5 {Ke4+} 1/2-1/2

[Event "45th Guernsey Open 2019"]
[Site "Vale"]
[Date "2019.10.21"]
[Round "2.5"]
[White "Hamperl, Fred"]
[Black "Bianco, Valerio"]
[Result "0-1"]
[ECO "C01"]
[WhiteElo "1995"]
[BlackElo "2088"]
[Annotator "NA RC"]
[PlyCount "118"]
[EventDate "2019.10.20"]
[EventCountry "GCI"]
[SourceTitle "playchess.com"]
[Source "ChessBase"]
[SourceQuality "1"]
[TimeControl "40/6000+30:2400+30"]

1. e4 e6 2. d4 d5 3. exd5 exd5 4. c4 Bb4+ 5. Nc3 Nf6 6. Bd3 O-O 7. Nge2 dxc4 8. Bxc4 Nc6 9. O-O Bd6 10. f3 h6 11. Be3 a6 12. a3 Bf5 13. b4 Ne7 14. Qd2 c6 15. Ng3 Bxg3 16. hxg3 Ned5 17. Nxd5 Nxd5 18. Bf2 Qd6 19. Rfe1 Be6 20. Re5 Nc7 21. Bd3 Rfe8 22. Rae1 f6 23. Rh5 Bd5 24. Rxe8+ Rxe8 25. Bg6 Re6 26. Rh4 Qe7 27. Qf4 Rd6 28. Bd3 Ne6 29. Qf5 Nf8 30. Qg4 Be6 31. Bf5 Bxf5 32. Qxf5 Qe6 33. Qd3 f5 34. Rh5 Rd5 35. Qe3 Qxe3 36. Bxe3 b5 37. g4 fxg4 38. fxg4 Rxh5 39. gxh5 Nd7 40. Kf2 Nf6 41. Kf3 Nxh5 42. Ke4 Nf6+ 43. Kf5 Kf7 44. Bc1 Nd7 45. Bd2 Nb6 46. Bc1 Nc4 47. g3 h5 48. Kg5 g6 49. Kh6 Kf6 50. Bg5+ Kf5 51. Bc1 Nd6 52. Bd2 Ne4 53. Be1 Nf6 54. Kg7 g5 55. Kf7 Ne4 56. Ke7 Kg4 57. Kd7 Nxg3 58. Kxc6 h4 59. d5 Ne4 0-1

[Event "45th Guernsey Open 2019"]
[Site "Vale"]
[Date "2019.10.21"]
[Round "2.6"]
[White "Rosen, Daniel B"]
[Black "Reijneveld, Ad"]
[Result "1/2-1/2"]
[ECO "B24"]
[WhiteElo "1990"]
[BlackElo "2056"]
[Annotator "NA RC"]
[PlyCount "34"]
[EventDate "2019.10.20"]
[EventCountry "GCI"]
[SourceTitle "playchess.com"]
[Source "ChessBase"]
[SourceQuality "1"]
[TimeControl "40/6000+30:2400+30"]

1. e4 c5 2. Nc3 Nc6 3. g3 g6 4. Bg2 Bg7 5. d3 e6 6. Nf3 Nge7 7. O-O O-O 8. Ne2 d5 9. c3 d4 10. Rb1 a5 11. a4 b6 12. c4 e5 13. Kh1 Ra7 14. Nfg1 Be6 15. Bd2 Qd7 16. b3 Nc8 17. f3 Nd6 1/2-1/2

[Event "45th Guernsey Open 2019"]
[Site "Vale"]
[Date "2019.10.21"]
[Round "2.7"]
[White "Timman, Jan H"]
[Black "White, Nigel"]
[Result "0-1"]
[ECO "A00"]
[WhiteElo "2528"]
[BlackElo "1975"]
[Annotator "RC"]
[PlyCount "80"]
[EventDate "2019.10.20"]
[EventCountry "GCI"]
[SourceTitle "playchess.com"]
[Source "ChessBase"]
[SourceQuality "1"]
[TimeControl "40/6000+30:2400+30"]

1. Nc3 c5 2. Nf3 Nf6 3. d4 cxd4 4. Nxd4 d6 5. g3 a6 6. Bg2 Qc7 7. O-O e5 8. Nb3 Be7 9. Bg5 Nbd7 10. e4 O-O 11. a4 b6 12. Be3 Bb7 13. f3 Rac8 14. Rf2 Rfd8 15. Rd2 Nb8 16. Bh3 Nbd7 17. Qe2 Qc4 18. Qf2 Qc7 19. a5 bxa5 20. Rxa5 Rb8 21. Ra1 Bc8 22. Bf1 Nb6 23. Na5 d5 24. exd5 Nbxd5 25. Nxd5 Nxd5 26. Nb3 Nxe3 27. Qxe3 Rb6 28. Kg2 Re8 29. Bd3 f5 30. Bc4+ Kh8 31. Bd5 h6 32. Ra4 Rb4 33. Rxb4 Bxb4 34. c3 Be7 35. c4 e4 36. f4 Bb7 37. Qa7 Bb4 38. Qxb7 Qxb7 39. Bxb7 Bxd2 40. Nxd2 Rb8 0-1

[Event "45th Guernsey Open 2019"]
[Site "Vale"]
[Date "2019.10.21"]
[Round "2.8"]
[White "Curtis, John"]
[Black "Van Dijk, Bram"]
[Result "0-1"]
[ECO "D30"]
[WhiteElo "2292"]
[BlackElo "1982"]
[Annotator "NA"]
[PlyCount "83"]
[EventDate "2019.10.20"]
[EventCountry "GCI"]
[SourceTitle "playchess.com"]
[Source "ChessBase"]
[SourceQuality "1"]
[TimeControl "40/6000+30:2400+30"]

1. d4 d5 2. Nf3 c6 3. c4 Nf6 4. e3 e6 5. Nbd2 Nbd7 6. Bd3 Bd6 7. O-O O-O 8. e4 dxe4 9. Nxe4 Nxe4 10. Bxe4 f5 11. Bc2 c5 12. Qe2 Qf6 13. Bg5 Qg6 14. dxc5 Bc7 15. Be7 Re8 16. Bd6 Bxd6 17. cxd6 Qf6 18. Ba4 e5 19. c5 e4 20. b4 Rf8 21. Nd2 Qg6 22. f3 exf3 23. Nxf3 Kh8 24. Rfe1 Qg4 25. Qd2 Nxc5 26. bxc5 Qxa4 27. Re7 Bd7 28. Qb2 Rg8 29. Ne5 Be8 30. Rxb7 h6 31. d7 Qe4 32. dxe8=Q Raxe8 33. Nf3 Qd5 34. Rc1 Rc8 35. Qb3 Qe4 36. Rxa7 Qf4 37. Qc3 Rce8 38. Re1 Re4 39. c6 Rc4 40. Qe5 Qg4 41. h3 Qg6 42. Qe6 0-1

[Event "45th Guernsey Open 2019"]
[Site "Vale"]
[Date "2019.10.21"]
[Round "2.9"]
[White "Goris, Ton"]
[Black "Dilleigh, Stephen P"]
[Result "1/2-1/2"]
[ECO "C02"]
[WhiteElo "1913"]
[BlackElo "2037"]
[Annotator "NA"]
[PlyCount "88"]
[EventDate "2019.10.20"]
[EventCountry "GCI"]
[SourceTitle "playchess.com"]
[Source "ChessBase"]
[SourceQuality "1"]
[TimeControl "40/6000+30:2400+30"]

1. e4 e6 2. d4 d5 3. e5 c5 4. c3 Qb6 5. Nf3 Nc6 6. a3 c4 7. Nbd2 Na5 8. Be2 Bd7 9. O-O Ne7 10. Rb1 Qc7 11. Re1 Nc8 12. Rf1 Nb6 13. Qe1 Ba4 14. Bd1 Bxd1 15. Qxd1 O-O-O 16. Ne1 f5 17. b4 cxb3 18. Nxb3 Nxb3 19. Rxb3 Nc4 20. Nd3 Kb8 21. Qc2 Rc8 22. Nf4 Qf7 23. a4 g5 24. Nd3 h6 25. Nb2 Na5 26. Rb5 Qc7 27. Nd1 a6 28. Rb1 Nc4 29. Qb3 Rh7 30. Re1 Qc6 31. Re2 Rhc7 32. Rc2 Qd7 33. Ra1 Rc6 34. a5 Be7 35. Ne3 Nxe3 36. fxe3 Qc7 37. Ba3 Ka8 38. Bxe7 Qxe7 39. Rb1 Rc4 40. Rcb2 R8c7 41. Rc2 Qd7 42. Qa3 Qa4 43. Rb3 Qxa3 44. Rxa3 R7c6 1/2-1/2

[Event "45th Guernsey Open 2019"]
[Site "Vale"]
[Date "2019.10.21"]
[Round "2.10"]
[White "Haisma, Henk"]
[Black "Coenen, Albert"]
[Result "1/2-1/2"]
[ECO "A00"]
[WhiteElo "1725"]
[BlackElo "1899"]
[Annotator "NA"]
[PlyCount "94"]
[EventDate "2019.10.20"]
[EventCountry "GCI"]
[SourceTitle "playchess.com"]
[Source "ChessBase"]
[SourceQuality "1"]
[TimeControl "40/6000+30:2400+30"]

1. b4 d5 2. Bb2 Bf5 3. e3 e6 4. Nf3 h6 5. c4 Nf6 6. a3 dxc4 7. Bxc4 Bd6 8. O-O O-O 9. d4 Nbd7 10. Nbd2 Nb6 11. Bb3 Ne4 12. Nc4 Nxc4 13. Bxc4 Bg4 14. Be2 c6 15. Qc2 Bf5 16. Bd3 Ng5 17. Bxf5 Nxf3+ 18. gxf3 Qg5+ 19. Bg4 h5 20. Qe2 Qh4 21. f4 hxg4 22. Kh1 f5 23. Rg1 Kf7 24. f3 gxf3 25. Qxf3 Rh8 26. Qg2 Rag8 27. Qg6+ Ke7 28. Qg3 Qxg3 29. Rxg3 g5 30. Rag1 g4 31. d5 Rh7 32. dxc6 bxc6 33. Rc1 Kd7 34. Bf6 Rh3 35. Rxh3 gxh3 36. Rg1 Rxg1+ 37. Kxg1 c5 38. bxc5 Bxc5 39. Bd4 Bxa3 40. Bxa7 Be7 41. Kf2 Bh4+ 42. Kf3 Kc6 43. e4 Kd6 44. exf5 Bg3 45. Ke3 Bh4 46. Kf3 exf5 47. Bb6 Kd5 1/2-1/2

[Event "45th Guernsey Open 2019"]
[Site "Vale"]
[Date "2019.10.21"]
[Round "2.11"]
[White "Strade, Arita"]
[Black "Turner, Joseph David"]
[Result "1-0"]
[ECO "B00"]
[WhiteElo "1882"]
[BlackElo "1842"]
[Annotator "NA RC"]
[PlyCount "131"]
[EventDate "2019.10.20"]
[EventCountry "GCI"]
[SourceTitle "playchess.com"]
[Source "ChessBase"]
[SourceQuality "1"]
[TimeControl "40/6000+30:2400+30"]

1. e4 d6 2. d4 Nf6 3. Bd3 g6 4. Nf3 Bg7 5. O-O O-O 6. c3 Nfd7 {[%emt 0:11:57] B07: Pirc Defence: Miscellaneous Systems} 7. Na3 $146 ({Predecessor:} 7. Re1 e5 8. Bg5 Qe8 9. Nbd2 h6 10. Bh4 Nc6 11. dxe5 Ncxe5 12. Nxe5 Nxe5 13. Bf1 Qc6 14. Bg3 {½-½ (56) Vedmediuc,S (2465)-Nepomniachtchi,I (2730) Porto Carras 2011}) 7... c5 8. Nc2 Nc6 9. Qe2 Qc7 10. Bd2 Rb8 11. Rab1 a6 12. a4 Re8 13. b4 e5 14. dxc5 dxc5 15. b5 axb5 16. axb5 Nd8 17. Ne3 b6 18. Nd5 Qd6 19. Bc4 Nf6 20. Qd3 Nxd5 21. Bxd5 Be6 22. Rfe1 h6 23. Bc1 Re7 24. Rd1 Rd7 25. Bb2 Kf8 26. Qc2 Qe7 27. Qe2 Bg4 28. Ra1 Ne6 29. Qe3 Rbd8 30. h3 Bxf3 31. Qxf3 Nf4 32. c4 g5 33. Ra6 Rd6 34. Kh2 Rf6 35. Qe3 Rg6 36. g3 Nxd5 37. Rxd5 Rgd6 38. Qd2 Rxd5 39. exd5 Rd6 40. Qe3 f5 41. Ra8+ Kf7 42. Qf3 Kg6 43. Ra6 e4 44. Qe2 Bxb2 45. Qxb2 Qf6 46. Qa2 Qd4 47. Ra8 f4 48. Rc8 Rf6 49. Rc6 f3 50. Qc2 Kf5 51. g4+ Kg6 52. h4 gxh4 53. Kh3 Qe5 54. Qc1 Qg5 55. Qc3 Rxc6 56. bxc6 h5 57. gxh5+ Qxh5 58. Qe1 Qf5+ 59. Kh2 Qf4+ 60. Kh1 Kf5 61. Qg1 h3 $2 {[%emt 0:01:05] [#]} (61... e3 $11 62. fxe3 Qe5) 62. Qg7 $1 Qc1+ 63. Kh2 Qf1 64. Qg3 Qxc4 65. c7 Qa6 {[%emt 0:00:53] [#]} 66. c8=Q+ 1-0

[Event "45th Guernsey Open 2019"]
[Site "Vale"]
[Date "2019.10.22"]
[Round "3.3"]
[White "Purdon, Colin"]
[Black "Baker, Chris W"]
[Result "1/2-1/2"]
[ECO "D85"]
[WhiteElo "1993"]
[BlackElo "2245"]
[Annotator "RC"]
[PlyCount "22"]
[EventDate "2019.10.20"]
[EventCountry "GCI"]
[SourceTitle "playchess.com"]
[Source "ChessBase"]
[SourceQuality "1"]
[TimeControl "40/6000+30:2400+30"]

1. d4 Nf6 2. c4 g6 3. Nc3 d5 4. cxd5 Nxd5 5. e4 Nxc3 6. bxc3 Bg7 7. Be3 c5 8. Nf3 Nc6 9. Rc1 cxd4 10. cxd4 Qa5+ 11. Qd2 Qxd2+ 1/2-1/2

[Event "45th Guernsey Open 2019"]
[Site "Vale"]
[Date "2019.10.22"]
[Round "3.5"]
[White "Reijneveld, Ad"]
[Black "Morcom, Huw"]
[Result "1/2-1/2"]
[ECO "B90"]
[WhiteElo "2056"]
[BlackElo "1906"]
[Annotator "NA"]
[PlyCount "49"]
[EventDate "2019.10.20"]
[EventCountry "GCI"]
[SourceTitle "playchess.com"]
[Source "ChessBase"]
[SourceQuality "1"]
[TimeControl "40/6000+30:2400+30"]

1. e4 c5 2. Nf3 d6 3. d4 cxd4 4. Nxd4 Nf6 5. Nc3 a6 6. h3 e5 7. Nde2 h6 {[%emt 0:00:11] B90: Sicilian Najdorf: Unusual White 6th moves, 6 Be3 Ng4 and 6 Be3 e5} (7... h5 8. g3 Nbd7 9. Bg2 b5 10. O-O Bb7 11. a4 b4 12. Nd5 Nxd5 13. exd5 Be7 14. a5 Rb8 15. Bd2 {1-0 (36) Wei,Y (2721)-Vachier Lagrave,M (2774) chess.com INT 2019}) 8. g4 g5 9. Bg2 $146 ({Predecessor:} 9. Ng3 Be6 10. Bg2 Nc6 11. Be3 Ne7 12. Qf3 Ng6 13. Nf5 Rb8 14. O-O-O Be7 15. Nd5 Nxd5 16. Ng7+ Kd7 17. exd5 Nh4 18. dxe6+ fxe6 19. Qf7 Nxg2 20. Rxd6+ Kxd6 21. Qxe6+ Kc7 22. Bb6# {1-0 (22) Perunovic,M (2565)-Krstic,N (1658) Obrenovac 2010}) 9... Be6 10. Be3 Nbd7 11. Qd2 Be7 12. Ng3 Nb6 13. b3 Rc8 14. Nd5 Nbxd5 15. exd5 Bd7 16. c4 h5 17. Bxg5 (17. f3 $16) 17... hxg4 18. Bxf6 Bxf6 19. Ne4 gxh3 20. Nxd6+ Kf8 21. Be4 Rc7 $11 (21... Rh4 $17 22. O-O Bg5) 22. Nf5 Bg5 $2 (22... Bxf5 $15 {keeps the upper hand.} 23. Bxf5 e4 24. Qb4+ Re7) 23. Qd3 Bxf5 24. Bxf5 h2 25. Rd1 (25. d6 $1 $11 e4 26. Qd5 (26. Bxe4 Rd7 $15)) 1/2-1/2

[Event "45th Guernsey Open 2019"]
[Site "Vale"]
[Date "2019.10.22"]
[Round "3.6"]
[White "White, Nigel"]
[Black "Thurlow, Kevin J"]
[Result "1/2-1/2"]
[ECO "B40"]
[WhiteElo "1975"]
[BlackElo "2021"]
[Annotator "NA"]
[PlyCount "35"]
[EventDate "2019.10.20"]
[EventCountry "GCI"]
[SourceTitle "playchess.com"]
[Source "ChessBase"]
[SourceQuality "1"]
[TimeControl "40/6000+30:2400+30"]

1. e4 c5 2. Nf3 e6 3. Nc3 Nc6 4. g3 d5 5. exd5 exd5 6. Bg2 Nf6 7. O-O d4 8. Re1+ Be7 9. Ne4 Nxe4 10. Rxe4 Bf5 11. Re1 O-O 12. d3 Qd7 13. Bf4 Rae8 14. Ne5 Nxe5 15. Rxe5 b6 16. Qf3 Bg4 17. Qc6 Bf6 $11 18. Ree1 1/2-1/2